 Dungeon Crawl Stone Soup version 0.25-a0-632-g7713895373 (webtiles) character file.

Game seed: 10393331738193331850, levelgen mode: deterministic

175 Eurus the Conjurer (level 5, -2/37 HPs)
             Began as a Mummy Conjurer on Mar 19, 2020.
             Slain by an adder (5 damage)
             ... on level 3 of the Dungeon.
             The game lasted 00:07:30 (2641 turns).

Eurus the Conjurer (Mummy Conjurer)                 Turns: 2641, Time: 00:07:31

Health: -2/37      AC:  2    Str: 11    XL:     5   Next: 29%
Magic:  7/11       EV: 12    Int: 15    God:
Gold:   73         SH:  0    Dex: 13    Spells: 9/12 levels left

rFire    x . .     SeeInvis .   c - +1 dagger
rCold    + . .     Gourm    .   (no shield)
rNeg     + + +     Faith    .   a - +0 robe
rPois    ∞         Spirit   .   (no helmet)
rElec    .         Reflect  .   (no cloak)
rCorr    .         Harm     .   (no gloves)
MR       .....                  (no boots)
Stlth    +.........             (no amulet)
HPRegen  0.12/turn              (no ring)
MPRegen  0.12/turn              (no ring)

@: very slow
A: no food or potions, fire vulnerability, cold resistance 1, negative energy
resistance 3, torment resistance, unbreathing
a: no special abilities


You were on level 3 of the Dungeon.
You were not hungry.

You visited 1 branch of the dungeon, and saw 3 of its levels.

You collected 73 gold pieces.

Inventory:

Hand Weapons
 c - a +1 dagger (weapon)
Armour
 a - a +0 robe (worn)
Scrolls
 b - a scroll of teleportation
 f - a scroll of blinking
 g - 2 scrolls of remove curse


   Skills:
 + Level 1.2 Fighting
 - Level 1.5 Dodging
 - Level 1.5 Stealth
 + Level 4.3 Spellcasting
 * Level 4.7 Conjurations


You had 9 spell levels left.
You knew the following spells:

 Your Spells              Type           Power        Failure   Level  Hunger
a - Magic Dart            Conj           ###.         2%          1    N/A
b - Searing Ray           Conj           ###...       3%          2    N/A

Your spell library contained the following spells:

 Spells                   Type           Power        Failure   Level  Hunger
 Conjure Flame            Conj/Fire      ##......     21%         3    N/A
 Dazzling Flash           Conj/Hex       ##....       21%         3    N/A
 Blink                    Tloc           N/A          26%         2    N/A
 Call Imp                 Summ           #.......     26%         2    N/A
 Slow                     Hex            #.......     26%         2    N/A
 Mephitic Cloud           Conj/Pois/Air  #.......     26%         3    N/A
 Fulminant Prism          Conj/Hex       ##........   54%         4    N/A
 Iskenderun's Mystic Bla  Conj/Tloc      ##......     54%         4    N/A

Dungeon Overview and Level Annotations

Branches:
Dungeon (3/15)

Altars:


Innate Abilities, Weirdness & Mutations

You do not eat or drink.
Your flesh is vulnerable to fire.
You are immune to poison.
Your flesh is cold resistant. (rC+)
You are immune to negative energy. (rN+++)
You are immune to unholy pain and torment.
You can survive without breathing.


Message History

You hear the quick rusting of a drain nearby.
You see here a rat corpse.
You enter the shallow water.
Moving in this stuff is going to be slow.
You see here a +0 flail.
An adder comes into view.
The adder hisses angrily.
The adder bites you.
* * * LOW HITPOINT WARNING * * *
A river rat comes into view.
The adder completely misses you.
The river rat moves out of view.
Your unstable footing causes you to fumble your attack.
The adder closely misses you. The adder bites you.
* * * LOW HITPOINT WARNING * * *
The adder barely misses you. The adder completely misses you.
The adder bites you.
* * * LOW HITPOINT WARNING * * *
The adder bites you.
You die...

**,,,,,,,,,.............#
,,,,,,,**,**#.....≈.(...# *####
,*,***,**,**#.≈.≈≈≈≈≈...#####....
,,,* *,,,,,,.)≈#≈#≈####..†....#**
,,,* **,,,,..≈≈≈≈≈≈)≈≈#.######...
,,>* *,*,*#.########≈#..####*,##
,*,****,*,*,,*∩#≈≈≈≈≈≈#.....#*,**
,*,^,,,,,,*,**≈#≈#≈####..##.#*,*
,******,,,,,,*≈#@#≈≈≈≈#####[#*,*
+** *****,**≈#S#†##≈# #†#*,**
,,** **,**≈#r#≈≈*≈# #.#*,,, ,,,**
*,,,*≈#≈##≈*≈*##*#.#***, ,,,,**
**,,*#≈≈≈#*≈#≈##.##.#**,,
,,,,,****,,,*###≈#≈≈#≈#...#.##,,,
,,,,,+,,,,,,,**###*##*#......+,,,
,,,,,****,,,*,**,* ##..†#.##,,,
,,,,** **,,,,,,,* #....<.#**,,


You could see an adder and a river rat.

Vanquished Creatures
  2 river rats (D:3)
  7 adders
  An ooze (D:1)
  3 worms (D:3)
  4 dart slugs
  A leopard gecko (D:1)
  4 orcs (D:3)
  A ball python (D:1)
  A giant cockroach (D:2)
  9 goblins
  9 hobgoblins
  9 kobolds
  A quokka (D:2)
  11 bats
  2 frilled lizards (D:2)
  4 rats
69 creatures vanquished.

Notes
Turn   | Place    | Note
-------+----------+-------------------------------------------
     0 | D:1      | Eurus the Mummy Conjurer began the quest for the Orb.
     0 | D:1      | Reached XP level 1. HP: 13/13 MP: 4/4
   222 | D:1      | Reached XP level 2. HP: 19/19 MP: 0/6
   226 | D:1      | Learned a level 2 spell: Searing Ray
   911 | D:1      | Reached XP level 3. HP: 24/24 MP: 5/7
  1802 | D:2      | Reached XP level 4. HP: 24/30 MP: 5/9
  2396 | D:3      | Reached XP level 5. HP: 12/36 MP: 1/11
  2558 | D:3      | Reached skill level 1 in Fighting
  2641 | D:3      | Slain by an adder

Levels and vault maps discovered:
D:1:      lightli_arrival_quake, layout_basic, minmay_tetromino_s4
D:2:      layout_basic
D:3:      layout_loops_corners, lightli_sewer_entry_pipes

Skill      XL: |  1  2  3  4  5 |
---------------+----------------+-----
Spellcasting   | 3 4 |  4.3
Conjurations   | 4 |  4.7
Fighting       | 1 |  1.2
Dodging        | |  1.5
Stealth        | |  1.5

Action                   |  1- 3 |  4- 6 || total
-------------------------+-------+-------++-------
Melee: Club              |     6 |       ||     6
       Unarmed           |     1 |       ||     1
       Dagger            |    38 |    40 ||    78
 Cast: Magic Dart        |    83 |    19 ||   102
       Searing Ray       |     2 |     8 ||    10
  Use: Scroll            |       |     6 ||     6
Armor: Robe              |     9 |     9 ||    18
Dodge: Dodged            |    43 |    45 ||    88

Table legend:
 A = Non-vault XP
 B = Vault XP
 C = Vault XP percentage of total XP
 D = Non-vault monster count
 E = Vault monster count
 F = Vault count percentage of total count
                 A         B        C        D         E       F
            +---------+---------+-------+---------+---------+-------
      Total |     181 |      70 |  27.9 |      60 |       9 |  13.0
            +---------+---------+-------+---------+---------+-------
        D:1 |      59 |       4 |   6.3 |      28 |       2 |   6.7
        D:2 |     103 |       0 |   0.0 |      26 |       0 |   0.0
        D:3 |      19 |      66 |  77.6 |       6 |       7 |  53.8
            +---------+---------+-------+---------+---------+-------
